 Dungeon Crawl Stone Soup version 0.29-a0-243-g602b31c20e (webtiles) character file.

Game seed: 3620728159661136905

2419 mdonais the Shield-Bearer (level 9, -2/96 HPs)
             Began as an Octopode Wanderer on Mar 2, 2022.
             Was a Follower of Uskayaw.
             Slain by a phantom (6 damage)
             ... on level 7 of the Dungeon on Mar 4, 2022.
             The game lasted 00:36:07 (9473 turns).

mdonais the Shield-Bearer (Octopode Wanderer)       Turns: 9473, Time: 00:36:08

Health: -2/96      AC: 24    Str:  7 (8)  XL:     9   Next: 48%
Magic:  10/10      EV:  2    Int: 10 (13) God:    Uskayaw [*.....]
Gold:   250        SH: 10    Dex: 16 (18) Spells: 6/8 levels left

rFire   . . .      SeeInvis .   m - +0 dagger (chaos)
rCold   + . .      Faith    .   d - +0 kite shield
rNeg    . . .      Spirit   .   (helmet currently unavailable)
rPois   +          Reflect  .   (no amulet)
rElec   .          Harm     .   c - ring of protection from cold
rCorr   .          Rampage  .   D - ring of willpower
Will    +....      NoTele   +   (no ring)
Stlth   +++.......              (no ring)
HPRegen 0.26/turn               (no ring)
MPRegen 0.12/turn               (no ring)
                                (no ring)
                                (no ring)

@: mighty, tree-form
A: stationary, stasis, torment immunity, boosted hp, almost no armour,
(amphibious), 8 rings, (camouflage 1), (gelatinous body 1), (nimble swimmer 1),
(tentacles), sense surroundings 1, weak 1, MP-powered wands
a: Renounce Religion, Stomp


You were on level 7 of the Dungeon.
You worshipped Uskayaw.
Uskayaw was noncommittal.
You were a tree.
You visited 2 branches of the dungeon, and saw 8 of its levels.

You collected 250 gold pieces.

Inventory:

Hand Weapons
 a - a +0 short sword of venom
   (You took it off an orc on level 6 of the Dungeon)
 b - a +0 hunting sling of flaming
   (You found it on level 1 of the Dungeon)
 m - a +0 dagger of chaos (weapon)
   (You took it off an orc on level 2 of the Dungeon)
 u - a +3 spear
Missiles
 i - 499 stones (quivered)
 r - 15 poisoned darts
 t - 15 boomerangs
Armour
 d - a +0 kite shield (worn)
   (You found it on level 1 of the Dungeon)
 j - a +1 hat (melded)
Jewellery
 c - a ring of protection from cold (left branch)
   (You found it on level 1 of the Dungeon)
 D - a ring of willpower (right branch)
   (You took it off a kobold on level 4 of the Dungeon)
Scrolls
 f - a scroll of holy word
 s - a scroll of fear
 v - a scroll of vulnerability
 w - a scroll of amnesia
 E - a scroll of fog
 T - 6 scrolls of teleportation
Potions
 e - 2 potions of brilliance
 l - a potion of flight
 p - a potion of mutation
 z - 2 potions of attraction


   Skills:
 - Level 7.0 Fighting
 - Level 1.2 Short Blades
 - Level 5.0 Polearms
 + Level 4.8 Slings
 - Level 4.0 Dodging
 - Level 5.0 Stealth
 - Level 7.0 Shields
 + Level 2.6 Invocations


You had 6 spell levels left.
You knew the following spells:

 Your Spells              Type           Power      Damage    Failure   Level
a - Call Imp              Summ           0%         N/A       83%         2

Your spell library contained the following spells:

 Spells                   Type           Power      Damage    Failure   Level
 Animate Skeleton         Necr           0%         N/A       69%         1
 Foxfire                  Conj/Fire      0%         2x1d4     69%         1
 Magic Dart               Conj           0%         1d3       69%         1
 Pain                     Necr           0%         1d4       69%         1
 Sublimation of Blood     Necr           0%         N/A       83%         2
 Wereblood                Tmut           0%         N/A       83%         2
 Gell's Gravitas          Tloc           0%         N/A       96%         3
 Inner Flame              Hex/Fire       0%         N/A       96%         3
 Lesser Beckoning         Tloc           0%         N/A       96%         3
 Mephitic Cloud           Conj/Pois/Air  0%         N/A       96%         3
 Teleport Other           Tloc           0%         N/A       96%         3
 Vampiric Draining        Necr           0%         2d6       96%         3
 Cause Fear               Hex            0%         N/A       100%        4
 Iskenderun's Mystic Bla  Conj/Tloc      0%         2d3       100%        4
 Simulacrum               Ice/Necr       0%         N/A       100%        6
 Summon Hydra             Summ           0%         N/A       100%        7
 Discord                  Hex            0%         N/A       100%        8
 Lehudib's Crystal Spear  Conj/Erth      0%         10d2      100%        8


Dungeon Overview and Level Annotations

Branches:
Dungeon (7/15)             Temple (1/1) D:6

Altars:
Elyvilon
Kikubaaqudgha
Makhleb
Nemelex Xobeh
Uskayaw
Vehumet
Xom
Yredelemnul
The Shining One

Shops:
D:3 (

Portals:
Ossuary: D:7

Annotations:
D:5 Sigmund
D:6 Grinder
D:7 Dowan


Innate Abilities, Weirdness & Mutations

You are a tree.
Your roots penetrate the ground, keeping you stationary.
You cannot be teleported.
You are immune to unholy pain and torment.
Your maximum health is greatly increased.
You cannot wear most types of armour.
((You are amphibious.))
You can wear up to eight rings at the same time.
((Your skin changes colour to match your surroundings (Stealth+).))
((Your rubbery body absorbs attacks. (AC +1, EV +1)))
((You are camouflaged when in or above water. (Stealth+)))
((You have tentacles for arms and can constrict up to eight enemies at once.))
You passively map a small area around you.
You are weak. (Str -2)
You expend magic power (3 MP) to strengthen your wands.


Message History

You feel weakened.
You feel dopey.
You feel clumsy.
You can no longer pass through a line of other dancers.
It was a potion of magic.
Magic courses through your body.
You are confused.
You feel invigorated.
You regained 4 hp, and now have 15/64 hp.
You regained 5 hp, and now have 20/64 hp.
You bump into the rock wall.
You regained 5 hp, and now have 25/64 hp.
You regained 5 hp, and now have 30/64 hp.
You bump into the rock wall.
You regained 5 hp, and now have 35/64 hp.
You feel less invigorated.
You feel less confused.
You regained 4 hp, and now have 39/64 hp.
Dowan, Brother of Duvessa comes into view.
He is wielding a +0 dagger and carrying a wand of flame (14).
You flicker for a moment.
You flicker back into view.
Dowan shouts!
Dowan seems to find hidden reserves of power!
You aren't carrying any items that you can evoke.
You feel very mighty all of a sudden.
Dowan zaps a wand.
The puff of flame hits you.
You take 6 damage, and have 36/64 hp.
Dowan zaps a wand.
The puff of flame misses you. Dowan gestures at you while chanting.
The shard of ice misses you.
You hit Dowan but do no damage.
Dowan flickers and vanishes!
Deactivating autopickup; reactivate with Ctrl-A.
Your squeeze misses something.
You hear a zap.
A puff of flame appears from out of thin air!
The puff of flame hits you.
You take 3 damage, and have 33/64 hp.
You fade into invisibility!
You hear some strange, mumbled words.
A shard of ice appears from out of thin air!
The shard of ice misses you. Something hits you.
You take 5 damage, and have 28/64 hp.
Found 6 gold pieces.
You open the door.
You flicker for a moment.
Found a fluorescent wand.
There is an open door here.
Unknown command.
You open the door.
You flicker back into view.
There is an open door here.
You close the door.
You hear the hiss of an avalanche of sand nearby.
A phantom comes into view.
A killer bee comes into view.
There is a stone staircase leading down here.
A gnoll shaman comes into view. It is wielding a +0 club.
A gnoll and 3 killer bees come into view.
The phantom hits you.
You take 4 damage, and have 31/64 hp.
The phantom hits you.
You take 2 damage, and have 29/64 hp.
You open the door.
A mummy comes into view.
The phantom hits you.
The phantom blinks!
You blink.
Found a sand-covered staircase.
You take 3 damage, and have 27/64 hp.
You feel a little less mighty now. The phantom barely misses you.
There is an open door here.
You hit the mummy. You burn the mummy. You grab the mummy.
The mummy is moderately damaged.
You constrict the mummy. The mummy hits you!
* * * LOW HITPOINT WARNING * * *
The phantom hits you.
* * * LOW HITPOINT WARNING * * *
You take 16 damage, and have 11/64 hp.
MASSIVE DAMAGE!!
You feel better.
You constrict the mummy. You block the phantom's attack. The mummy hits you.
* * * LOW HITPOINT WARNING * * *
You regained 5 hp, and now have 16/64 hp.
You feel very mighty all of a sudden.
You constrict the mummy. The phantom hits you.
* * * LOW HITPOINT WARNING * * *
You take 5 damage, and have 11/64 hp.
You hit the mummy. You tentacle-slap the mummy.
You destroy the mummy!
The phantom closely misses you.
There is a sand-covered staircase here.
The phantom hits you!
* * * LOW HITPOINT WARNING * * *
The phantom blinks!
You blink.
You stop descending the stairs.
You take 8 damage, and have 3/64 hp.
You are confused.
You feel invigorated. The phantom barely misses you.
You regained 4 hp, and now have 7/64 hp.
You regained 3 hp, and now have 10/64 hp.
You regained 3 hp, and now have 13/64 hp.
The killer bee completely misses you. The phantom barely misses you.
You regained 4 hp, and now have 17/64 hp.
The killer bee barely misses you.
You regained 5 hp, and now have 22/64 hp.
You bump into the stone wall.
You feel less invigorated.
You feel less confused. You block the killer bee's attack.
The killer bee stings you but does no damage.
The phantom hits you.
The phantom blinks!
You blink.
You regained 3 hp, and now have 25/64 hp.
You hit the phantom.
The phantom is lightly damaged.
The phantom closely misses you. You block the killer bee's attack.
You puncture the killer bee! You burn the killer bee.
You kill the killer bee!
You block the phantom's attack.
You can now pass through a line of other dancers.
You hit the phantom but do no damage. Your squeeze misses the phantom.
The phantom is lightly damaged.
The phantom hits you!
* * * LOW HITPOINT WARNING * * *
The phantom blinks!
You blink.
You take 8 damage, and have 17/64 hp.
You puncture the phantom!
The phantom flickers and vanishes!
Your squeeze misses something. Something barely misses you. Something hits you!
* * * LOW HITPOINT WARNING * * *
You blink.
You take 7 damage, and have 11/64 hp.
Something hits you.
* * * LOW HITPOINT WARNING * * *
You take 6 damage, and have 5/64 hp.
It was a potion of lignification.
You turn into a tree.
Your +1 hat melds into your body.
Your roots penetrate the ground.
Something hits you.
* * * LOW HITPOINT WARNING * * *
You now have 2/96 hp.
Okay, then.
Unknown command.
You can't see any enemies this would affect, really read the scroll of fear?
As you read the scroll of fear, it crumbles to dust.
You assume a fearsome visage.
Nothing appears to happen.
You hear the brisk hiss of an avalanche of sand.
Something hits you but does no damage.
You cannot move.
Okay, then.
You swing at nothing.
Something hits you but does no damage.
You swing at nothing.
Something hits you but does no damage.
You can no longer pass through a line of other dancers.
You swing at nothing.
Something hits you but does no damage. x2
Okay, then.
You swing at nothing.
Something hits you.
You die...

,,,,,,,,,,,,*.#####.#.##.# ******
***,,,,,,,,,*,* #.#..#.###**
,,,,,,***+***,* #....#...,,****
##*##,* *,* *,########.#.##*,*,,,
..,.#,* *,***,#...........#*,*,**
.##.#,* *,,,,,#.#.........#*,#,#
.#..#,* *,,***#.#.#####...#*.#.##
....#,***..####.#.#####.>.##....g
z...#,**,.......♣................
)...#.##*..###+###.###+###....#..
<.......*,,,**,##...##,*#....##,,
.####.##,,,,,*##..§..###.y..##*,,
.#,,,,,,,***,,#...§...#....y.,,,,
.#*,*,,,.......###'###....###.,*,
.#*,****.###.#.,*#∩##...y#* *..,,
.#*,* *,* #,##,,###....## *,..*
.#*,* *,***,***,,*....## *,.#.


There were no monsters in sight!

Vanquished Creatures
  A steam dragon (D:7)
  Duvessa (D:7)
  A black bear (D:6)
  A sky beast (D:4)
  An ice beast (D:6)
  3 ogres
  2 phantoms
  A kobold brigand (D:3)
  2 scorpions (D:6)
  A killer bee (D:7)
  A gnoll shaman (D:3)
  8 hounds
  3 orc priests
  3 jellies
  6 iguanas
  Natasha (thrice) (D:2)
  5 orc wizards
  A mummy (D:7)
  6 adders
  22 gnolls
  A white imp (D:6)
  3 ufetubi (D:6)
  4 dart slugs
  33 orcs
  A bat (D:2)
  3 endoplasms
  3 giant cockroaches
  7 goblins
  8 hobgoblins
  20 jackals
  3 quokkas
  6 ball pythons
  3 kobolds (D:4)
  7 rats
174 creatures vanquished.

Vanquished Creatures (others)
  11 plants
11 creatures vanquished.

Grand Total: 185 creatures vanquished

Notes
Turn   | Place    | Note
-------+----------+-------------------------------------------
     0 | D:1      | mdonais the Octopode Wanderer began the quest for the Orb.
     0 | D:1      | mdonais set off with the following items: a +3 spear, a +0
                  | hat
     0 | D:1      | Reached XP level 1. HP: 14/14 MP: 1/1
   262 | D:1      | Reached XP level 2. HP: 19/19 MP: 2/2
   596 | D:1      | Reached XP level 3. HP: 19/25 MP: 3/3
   853 | D:2      | Noticed Natasha
   857 | D:2      | Killed Natasha
   858 | D:2      | Reached XP level 4. HP: 27/31 MP: 4/4
   878 | D:2      | Noticed Natasha
   885 | D:2      | Killed Natasha
   996 | D:2      | Noticed Natasha
  1002 | D:2      | Killed Natasha
  1111 | D:2      | Reached XP level 5. HP: 38/38 MP: 5/5
  1153 | D:2      | Found an ancient bone altar of Kikubaaqudgha.
  1254 | D:2      | Learned a level 2 spell: Call Imp
  1849 | D:3      | Reached skill level 5 in Fighting
  1909 | D:3      | Found a basalt altar of Yredelemnul.
  1986 | D:3      | Found a faded altar of an unknown god.
  1989 | D:3      | Reached skill level 1 in Shields
  2202 | D:3      | Found Korixt's Weapon Shoppe.
  2307 | D:3      | Reached XP level 6. HP: 45/45 MP: 6/6
  2407 | D:3      | Upgraded the game from 0.29-a0-233-g1125b37a9b to
                  | 0.29-a0-243-g602b31c20e
  3167 | D:3      | Reached XP level 7. HP: 50/50 MP: 7/7
  3443 | D:3      | Reached skill level 5 in Shields
  3832 | D:4      | Reached skill level 1 in Slings
  4629 | D:3      | Found a faded altar of an unknown god.
  4709 | D:3      | Found a basalt altar of Yredelemnul.
  5033 | D:3      | Found Korixt's Weapon Shoppe.
  5314 | D:4      | Reached XP level 8. HP: 39/55 MP: 8/8
  5969 | D:5      | Entered Level 5 of the Dungeon
  6624 | D:5      | Noticed Sigmund
  7793 | D:6      | Found a sparkling altar of Nemelex Xobeh.
  7828 | D:6      | Found a staircase to the Ecumenical Temple.
  7840 | Temple   | Entered the Ecumenical Temple
  7850 | Temple   | Became a worshipper of Uskayaw the Reveller
  7868 | D:6      | Reached * piety under Uskayaw
  7965 | D:5      | Reached XP level 9. HP: 27/63 MP: 9/9
  8214 | D:6      | Got the Collected Works on Damaging Cold
  8251 | D:6      | Reached ** piety under Uskayaw
  8538 | D:6      | Noticed Grinder
  8746 | D:6      | Reached skill level 1 in Invocations
  8889 | D:6      | Reached skill level 1 in Short Blades
  9341 | D:7      | Noticed Duvessa
  9353 | D:7      | Gained mutation: You expend magic power (3 MP) to
                  | strengthen your wands. [potion of mutation]
  9353 | D:7      | Gained mutation: You are weak. (Str -2) [potion of
                  | mutation]
  9353 | D:7      | Gained mutation: You passively map a small area around you.
                  | [potion of mutation]
  9359 | D:7      | Killed Duvessa
  9360 | D:7      | Reached skill level 5 in Stealth
  9364 | D:7      | Reached *** piety under Uskayaw
  9382 | D:7      | Noticed Dowan
  9445 | D:7      | Found a sand-covered staircase.
  9453 | D:7      | HP: 3/64 [phantom (8)]
  9468 | D:7      | HP: 2/96 [something (6)]
  9473 | D:7      | Slain by a phantom

Illustrated notes

Levels and vault maps discovered:
D:1:      dpeg_arrival_simpleton_c, layout_basic, serial_rivers,
          chequers_serial_rivers_micro_c, chequers_serial_rivers_small_b,
          chequers_serial_rivers_micro_a, chequers_serial_rivers_small_a,
          chequers_serial_rivers_marsh
D:2:      minmay_razor_zed, layout_rooms, basic_altar, uniq_natasha
D:3:      lemuel_castle_with_subvaults [lemuel_castle_interior_carwin_2],
          layout_basic, old_standard_altar, serial_shops, shop,
          ebering_ecumenical_altar_mist, serial_bayou_lagoon_a,
          grunt_ministairs_14, chequers_serial_rivers_marsh
D:4:      layout_basic
D:5:      layout_basic, hellmonk_bongcloud_opening, kennysheep_potato,
          uniq_sigmund
D:6:      layout_cave_pods, nemelex_dance_club_becter,
          minmay_temple_entry_junction_2, uniq_grinder
D:7:      layout_basic, fedhas_ov_isle_minmay, gammafunk_temple_overflow_pools,
          nicolae_ossuary_entry_giza, abandoned_shop,
          minmay_misc_feat_diagonals, uniq_duvessa
Temple:   eino_wide_crystal_templ

Skill      XL: |  1  2  3  4  5  6  7  8  9 |
---------------+----------------------------+-----
Stealth        | 3 4 5 |  5.0
Dodging        | 2 4 |  4.0
Fighting       | 3 4 5 6 7 |  7.0
Shields        | 2 4 5 6 7 |  7.0
Slings         | 4 |  4.8
Invocations    | 2 |  2.6
Short Blades   | 1 |  1.2
Polearms       | |  5.0

Action                   |  1- 3 |  4- 6 |  7- 9 || total
-------------------------+-------+-------+-------++-------
Melee: Spear             |    18 |    60 |   183 ||   261
       Constrict         |     4 |    17 |    34 ||    55
       Tentacles         |     2 |     9 |    52 ||    63
       Hunting sling     |       |     3 |       ||     3
       Punch             |       |       |     3 ||     3
       Short sword       |       |       |    27 ||    27
       Dagger            |       |       |    16 ||    16
 Fire: Hunting sling     |    36 |   119 |   226 ||   381
Throw: Dart              |       |       |     1 ||     1
       Throwing net      |       |       |     1 ||     1
  Use: Scroll            |       |       |    16 ||    16
       Potion            |       |       |    12 ||    12
 Stab: Sleeping          |     1 |       |     3 ||     4
       Distracted        |       |       |     2 ||     2
       Invisible         |       |       |     2 ||     2
       Held in net/web   |       |       |     1 ||     1
Armor: Skin              |     1 |     3 |    11 ||    15
Dodge: Dodged            |    10 |    22 |    82 ||   114
Block: Kite shield       |       |     2 |    86 ||    88

Table legend: (Time is in decaauts)
 A = Elapsed time spent in this place.
 B = Non-inter-level travel time spent in this place.
 C = Inter-level travel time spent in this place.
 D = Time resting spent in this place.
 E = Time spent auto-exploring this place.
 F = Levels seen in this place.
 G = Mean time per level.
                   A        B        C        D        E       F      G
               +--------+--------+--------+--------+--------+-----+--------+
         Total |   9629 |   9225 |    404 |   2800 |   4164 |   8 | 1203.6 |
       Dungeon |   9610 |   9215 |    395 |   2800 |   4160 |   7 | 1372.9 |
        Temple |     19 |     10 |      9 |      0 |      4 |   1 |   19.0 |
               +--------+--------+--------+--------+--------+-----+--------+

Top non-repeatable levels by time:
     D:3: 3059 daAuts
     D:6: 1616 daAuts
     D:4: 1499 daAuts
     D:5: 1403 daAuts
     D:2: 1090 daAuts
     D:1: 769 daAuts
     D:7: 170 daAuts
  Temple: 19 daAuts
